MLB
COLORADO ROCKIES @ CHICAGO (N) CUBS
05/28/2042
 
TOP OF THE 1ST
Colorado Rockies batting - Pitching for Chicago (N) Cubs : RHP António Delallana
Pitching: RHP António Delallana
Batting: RHB Jorge Esquivel 0-0: Called Strike
0-1: TRIPLE (Flyball, 9D, EV 86.9 MPH)
Batting: LHB Dan Pérez 0-0: Called Strike
0-1: Ball
1-1: Called Strike
1-2: Ball
2-2: Foul Ball, location: 7LSF
2-2: Ground out 1-3 (Groundball, 23, EV 70.6 MPH)
Batting: LHB Mario Mendoza 0-0: Ball
1-0: Foul Ball, location: 7LMF
1-1: Called Strike
1-2: Fly out, F8 (Flyball, 89M, EV 80.6 MPH)
Runner from 3rd tags up, SCORES, throw by CF
Batting: LHB António Fernández 0-0: Called Strike
0-1: Ball
1-1: Ball
2-1: DOUBLE (Line Drive, 89D, EV 104.4 MPH)
Batting: RHB Joe Thompson 0-0: Called Strike
0-1: Swinging Strike
0-2: Strikes out swinging
Top of the 1st over - 1 run, 2 hits, 0 errors, 1 left on base; Colorado 1 - Chicago (N) 0
BOTTOM OF THE 1ST
Chicago (N) Cubs batting - Pitching for Colorado Rockies : RHP Ernesto Urbina
Pitching: RHP Ernesto Urbina
Batting: LHB Juan De Los Santos 0-0: Swinging Strike
0-1: Ground out 4-3 (Groundball, 4MD, EV 96.3 MPH)
Batting: RHB Tony Aguirre 0-0: Reached via error on a dropped throw from 2B, E3 (Groundball, 4, EV 77.5 MPH)
Batting: LHB Bob Johnson 0-0: Swinging Strike
0-1: Ball
1-1: Ball
2-1: Ball
3-1: Base on Balls
Tony Aguirre to second
Batting: LHB Paolo Pacheco 0-0: Foul Ball, location: 2F
0-1: Fielders Choice at 2nd, 4-6 (Groundball, 34, EV 80.6 MPH)
Tony Aguirre to third
Batting: RHB Tim Walsh 0-0: Ball
1-0: Ball
2-0: Ball
3-0: Called Strike
3-1: Base on Balls
Paolo Pacheco to second
Batting: LHB Luis Cardenas 0-0: Ball
1-0: Ball
2-0: Fielders Choice at 2nd, 6-4 (Groundball, 6, EV 79.4 MPH)
Bottom of the 1st over - 0 runs, 0 hits, 1 error, 3 left on base; Colorado 1 - Chicago (N) 0
TOP OF THE 2ND
Colorado Rockies batting - Pitching for Chicago (N) Cubs : RHP António Delallana
Batting: RHB Derek Hallyard 0-0: Ball
1-0: Ball
2-0: Called Strike
2-1: Swinging Strike
2-2: Ball
3-2: Foul Ball, location: 2F
3-2: Base on Balls
Batting: RHB Steve O'Brien 0-0: Ball
1-0: Bunted foul
1-1: Ball
2-1: Fly out, F8 (Flyball, 8LS, EV 91.9 MPH)
Batting: RHB Bob Jacobs 0-0: Swinging Strike
0-1: Ball
1-1: DOUBLE (Line Drive, 9LS, EV 103.8 MPH)
Derek Hallyard to third
Runner from 3rd tries for Home, SAFE, throw by RF to home
Batting: RHB Alec Kimpton 0-0: Ball
1-0: Ball
2-0: Ball
3-0: Base on Balls
Batting: RHB Jorge Esquivel 0-0: Ball
1-0: Foul Ball, location: 9LMF
1-1: Hit by Pitch
Bob Jacobs to third
Alec Kimpton to second
Batting: LHB Dan Pérez 0-0: Ball
1-0: Ball
2-0: TRIPLE (Flyball, 7LD, EV 90.6 MPH)
Bob Jacobs scores
Alec Kimpton scores
Jorge Esquivel scores
Batting: LHB Mario Mendoza 0-0: Ball
1-0: Ball
2-0: Called Strike
2-1: Fly out, F8 (Flyball, 8LD, EV 95.6 MPH)
Runner from 3rd tags up, SCORES, no throw by CF
Batting: LHB António Fernández 0-0: Ball
1-0: Ball
2-0: Ground out 4-3 (Groundball, 4, EV 81.3 MPH)
Top of the 2nd over - 5 runs, 2 hits, 0 errors, 0 left on base; Colorado 6 - Chicago (N) 0
BOTTOM OF THE 2ND
Chicago (N) Cubs batting - Pitching for Colorado Rockies : RHP Ernesto Urbina
Batting: LHB Len Donovan 0-0: Fly out, F5 (Popup, 25F, EV 82.5 MPH)
Batting: RHB Juan Cuevas 0-0: Ground out 6-3 (Groundball, 6, EV 106.9 MPH)
Batting: SHB José Contreras 0-0: Called Strike
0-1: Ball
1-1: Foul Ball, location: 2F
1-2: Strikes out swinging
Bottom of the 2nd over - 0 runs, 0 hits, 0 errors, 0 left on base; Colorado 6 - Chicago (N) 0
TOP OF THE 3RD
Colorado Rockies batting - Pitching for Chicago (N) Cubs : RHP António Delallana
Batting: RHB Joe Thompson 0-0: Called Strike
0-1: Swinging Strike
0-2: Strikes out swinging
Batting: RHB Derek Hallyard 0-0: SINGLE (Line Drive, 7S, EV 103.1 MPH)
Batting: RHB Steve O'Brien 0-0: Fly out, F8 (Flyball, 8LM, EV 84.4 MPH)
Batting: RHB Bob Jacobs 0-0: Called Strike
0-1: Ball
1-1: Ground out 4-3 (Groundball, 34, EV 98.8 MPH)
Top of the 3rd over - 0 runs, 1 hit, 0 errors, 1 left on base; Colorado 6 - Chicago (N) 0
BOTTOM OF THE 3RD
Chicago (N) Cubs batting - Pitching for Colorado Rockies : RHP Ernesto Urbina
Batting: LHB Juan De Los Santos 0-0: Ball
1-0: DOUBLE (Line Drive, 7LS, EV 100.6 MPH)
Batting: RHB Tony Aguirre 0-0: SINGLE (Groundball, 6MD, EV 95.6 MPH)
Juan De Los Santos to third
Batting: LHB Bob Johnson 0-0: Foul Ball, location: 5SF
0-1: Foul Ball, location: 7LMF
0-2: Fly out, F7 (Flyball, 7D, EV 105.6 MPH)
Runner from 3rd tags up, SCORES, no throw by LF
Batting: LHB Paolo Pacheco 0-0: Called Strike
0-1: Ball
1-1: Ball
2-1: DOUBLE (Flyball, 8LXD, EV 111.9 MPH)
Tony Aguirre to third
Runner from 3rd tries for Home, SAFE, no throw by CF
Batting: RHB Tim Walsh 0-0: Ball
1-0: Called Strike
1-1: Ball
2-1: Ball
3-1: Base on Balls
Batting: LHB Luis Cardenas 0-0: Ball
1-0: Called Strike
1-1: DOUBLE (Flyball, 78D, EV 103.1 MPH)
Paolo Pacheco scores
Tim Walsh to third
Runner from 3rd tries for Home, SAFE, no throw by CF
Batting: LHB Len Donovan 0-0: Called Strike
0-1: Ball
1-1: Foul Ball, location: 3SF
1-2: DOUBLE (Flyball, 8LXD, EV 107.5 MPH)
Luis Cardenas scores
Batting: RHB Juan Cuevas 0-0: Ball
1-0: Swinging Strike
1-1: Ball
2-1: Foul Ball, location: 23F
2-2: Ball
3-2: Fly out, F9 (Flyball, 9D, EV 103.1 MPH)
Runner from 2nd tags up, SAFE at 3rd, no throw by RF
Batting: SHB José Contreras 0-0: Swinging Strike
0-1: 2-RUN HOME RUN (Flyball, 78XD, EV 98.1 MPH), Distance : 405 ft
Batting: LHB Juan De Los Santos 0-0: Ball
1-0: Called Strike
1-1: SINGLE (Flyball, 89S, EV 97.5 MPH)
Pitching: RHP Héctor Deleón
Batting: RHB Tony Aguirre 0-0: Ball
1-0: Foul Ball, location: 2F
1-1: Ball
2-1: Fly out, F8 (Line Drive, 89M, EV 94.4 MPH)
Bottom of the 3rd over - 7 runs, 7 hits, 0 errors, 1 left on base; Colorado 6 - Chicago (N) 7
TOP OF THE 4TH
Colorado Rockies batting - Pitching for Chicago (N) Cubs : RHP António Delallana
Batting: RHB Alec Kimpton 0-0: Swinging Strike
0-1: Ball
1-1: Swinging Strike
1-2: Ball
2-2: Strikes out looking
Batting: RHB Jorge Esquivel 0-0: Ball
1-0: Ball
2-0: Called Strike
2-1: Ball
3-1: Base on Balls
Pitching: LHP Albert Hernández
Batting: LHB Dan Pérez Pickoff Throw to First - Out! 1-3
0-0: Ball
1-0: Foul Ball, location: 2F
1-1: Swinging Strike
1-2: Foul Ball, location: 23FF
1-2: Ball
2-2: Ball
3-2: SINGLE (Groundball, 34D, EV 96.9 MPH)
Batting: LHB Mario Mendoza 0-0: Ball
1-0: Foul Ball, location: 5DF
1-1: Foul Ball, location: 7LSFF
1-2: Ball
2-2: Foul Ball, location: 25F
2-2: Fly out, F9 (Flyball, 9, EV 97.5 MPH)
Top of the 4th over - 0 runs, 1 hit, 0 errors, 1 left on base; Colorado 6 - Chicago (N) 7
BOTTOM OF THE 4TH
Chicago (N) Cubs batting - Pitching for Colorado Rockies : RHP Héctor Deleón
Batting: LHB Bob Johnson 0-0: Ball
1-0: Ball
2-0: Called Strike
2-1: Ground out 4-3 (Groundball, 34, EV 103.1 MPH)
Batting: LHB Paolo Pacheco 0-0: Ball
1-0: Ball
2-0: Swinging Strike
2-1: SINGLE (Line Drive, 89S, EV 101.3 MPH)
Batting: RHB Tim Walsh 0-0: Called Strike
Paolo Pacheco steals 2nd base (no throw)
0-1: Fly out, F3 (Popup, 34, EV 61.9 MPH)
Batting: LHB Luis Cardenas 0-0: Ball
1-0: Fly out, F4 (Flyball, 3D, EV 98.1 MPH)
Bottom of the 4th over - 0 runs, 1 hit, 0 errors, 1 left on base; Colorado 6 - Chicago (N) 7
TOP OF THE 5TH
Colorado Rockies batting - Pitching for Chicago (N) Cubs : LHP Albert Hernández
Pinch Hitting: RHB Cisco Sandodal 0-0: Called Strike
0-1: Ground out 5-3 (Groundball, 56S, EV 66.9 MPH)
Batting: RHB Joe Thompson 0-0: Swinging Strike
0-1: Ball
1-1: Ball
2-1: Called Strike
2-2: Foul Ball, location: 5SF
2-2: Strikes out swinging
Batting: RHB Derek Hallyard 0-0: Ball
1-0: Foul Ball, location: 23F
1-1: Ball
2-1: Ball
3-1: Fly out, F9 (Flyball, 9, EV 89.4 MPH)
Top of the 5th over - 0 runs, 0 hits, 0 errors, 0 left on base; Colorado 6 - Chicago (N) 7
BOTTOM OF THE 5TH
Chicago (N) Cubs batting - Pitching for Colorado Rockies : RHP Héctor Deleón
Now in CF: Cisco Sandodal
Batting: LHB Len Donovan 0-0: Called Strike
0-1: Foul Ball, location: 7LDF
0-2: DOUBLE (Line Drive, 78D, EV 98.8 MPH)
Batting: RHB Juan Cuevas 0-0: Ball
1-0: SINGLE (Line Drive, 6M, EV 96.3 MPH)
Len Donovan to third
Batting: SHB José Contreras 0-0: Foul Ball, location: 5SF
0-1: Ball
1-1: Ball
2-1: Foul Ball, location: 2F
2-2: Ball
3-2: 3-RUN HOME RUN (Flyball, 7LD, EV 96.3 MPH), Distance : 371 ft
Pitching: RHP Aurelio Rodríguez
Batting: LHB Juan De Los Santos 0-0: Ball
1-0: Called Strike
1-1: Ball
2-1: Ball
3-1: Foul Ball, location: 2LF
3-2: Base on Balls
Batting: RHB Tony Aguirre 0-0: Called Strike
0-1: Ball
1-1: Swinging Strike
1-2: Strikes out swinging
Batting: LHB Bob Johnson 0-0: Swinging Strike
0-1: Ball
1-1: Ball
Juan De Los Santos steals 2nd base
2-1: Intentional Walk
Batting: LHB Paolo Pacheco 0-0: Foul Ball, location: 2F
0-1: Swinging Strike
0-2: Ball
1-2: Ball
2-2: Foul Ball, location: 7LDF
2-2: Strikes out swinging
Batting: RHB Tim Walsh 0-0: Called Strike
0-1: Ball
1-1: Fielders Choice at 3rd, U5 (Groundball, 5L, EV 88.1 MPH)
Bottom of the 5th over - 3 runs, 3 hits, 0 errors, 1 left on base; Colorado 6 - Chicago (N) 10
TOP OF THE 6TH
Colorado Rockies batting - Pitching for Chicago (N) Cubs : LHP Albert Hernández
Batting: RHB Steve O'Brien 0-0: Foul Ball, location: 9LSF
0-1: Fly out, F7 (Line Drive, 7, EV 100.6 MPH)
Batting: RHB Bob Jacobs 0-0: Ball
1-0: Ball
2-0: Called Strike
2-1: Fly out, F8 (Flyball, 8LXD, EV 93.1 MPH)
Batting: RHB Alec Kimpton 0-0: Ball
1-0: Called Strike
1-1: Ball
2-1: Called Strike
2-2: Strikes out swinging
Top of the 6th over - 0 runs, 0 hits, 0 errors, 0 left on base; Colorado 6 - Chicago (N) 10
BOTTOM OF THE 6TH
Chicago (N) Cubs batting - Pitching for Colorado Rockies : RHP Aurelio Rodríguez
Batting: LHB Luis Cardenas 0-0: Swinging Strike
0-1: Ball
1-1: Swinging Strike
1-2: Ball
2-2: Foul Ball, location: 5SF
2-2: Fly out, F4 (Line Drive, 34, EV 98.1 MPH)
Batting: LHB Len Donovan 0-0: Ball
1-0: Ball
2-0: Foul Ball, location: 3FF
2-1: Swinging Strike
2-2: Ground out 3-1 (Groundball, 34D, EV 86.9 MPH)
Batting: RHB Juan Cuevas 0-0: Ground out 6-3 (Groundball, 6, EV 104.4 MPH)
Bottom of the 6th over - 0 runs, 0 hits, 0 errors, 0 left on base; Colorado 6 - Chicago (N) 10
TOP OF THE 7TH
Colorado Rockies batting - Pitching for Chicago (N) Cubs : LHP Albert Hernández
Pitching: LHP Mike Jeffries
Batting: RHB Jorge Esquivel 0-0: Foul Ball, location: 2F
0-1: Swinging Strike
0-2: SOLO HOME RUN (Flyball, 9D, EV 95.0 MPH), Distance : 386 ft
Batting: LHB Dan Pérez 0-0: Ball
1-0: Called Strike
1-1: Foul Ball, location: 5SF
1-2: Ball
2-2: Foul Ball, location: 5FF
2-2: Strikes out looking
Pinch Hitting: RHB Lonnie Anderson 0-0: Ball
1-0: Ball
2-0: Ground out 2-3 (Groundball, 2L, EV 70.0 MPH)
Batting: RHB Cisco Sandodal 0-0: Called Strike
0-1: SINGLE (Line Drive, 7S, EV 103.1 MPH)
Batting: RHB Joe Thompson 0-0: Ball
1-0: Foul Ball, location: 9LMF
1-1: Ball
2-1: Swinging Strike
2-2: Strikes out swinging
Top of the 7th over - 1 run, 2 hits, 0 errors, 1 left on base; Colorado 7 - Chicago (N) 10
BOTTOM OF THE 7TH
Chicago (N) Cubs batting - Pitching for Colorado Rockies : RHP Aurelio Rodríguez
Now at 1B: Ken Keith
Batting: SHB José Contreras 0-0: SINGLE (Line Drive, 9LS, EV 110.0 MPH)
Batting: LHB Juan De Los Santos 0-0: Ball
1-0: Foul Ball, location: 2F
1-1: Grounds into double play, 4-6-3 (Groundball, 4S, EV 85.0 MPH)
Batting: RHB Tony Aguirre 0-0: DOUBLE (Groundball, 5L, EV 102.5 MPH)
Batting: LHB Bob Johnson 0-0: Intentional Walk
Batting: LHB Paolo Pacheco 0-0: Ball
1-0: Ball
2-0: Ball
3-0: Called Strike
3-1: Base on Balls
Tony Aguirre to third
Bob Johnson to second
Batting: RHB Tim Walsh 0-0: Ball
1-0: Ball
2-0: Ball
3-0: Called Strike
3-1: Swinging Strike
3-2: GRAND SLAM HOME RUN (Flyball, 7LD, EV 95.6 MPH), Distance : 373 ft
Batting: LHB Luis Cardenas 0-0: Ball
1-0: Ball
2-0: Called Strike
2-1: Swinging Strike
2-2: Ground out 6-3 (Groundball, 4, EV 76.9 MPH)
Bottom of the 7th over - 4 runs, 3 hits, 0 errors, 0 left on base; Colorado 7 - Chicago (N) 14
TOP OF THE 8TH
Colorado Rockies batting - Pitching for Chicago (N) Cubs : LHP Mike Jeffries
Batting: RHB Derek Hallyard 0-0: Ground out U3 (Groundball, 3, EV 83.1 MPH)
Batting: RHB Steve O'Brien 0-0: Called Strike
0-1: Called Strike
0-2: Strikes out swinging
Batting: RHB Bob Jacobs 0-0: Called Strike
0-1: Ball
1-1: DOUBLE (Flyball, 89XD, EV 101.3 MPH)
Pitching: RHP Tony Calderón
Batting: RHB Alec Kimpton 0-0: Ball
1-0: SINGLE (Line Drive, 9LS, EV 91.9 MPH)
Bob Jacobs to third
Batting: RHB Jorge Esquivel 0-0: Foul Ball, location: 5F
0-1: Called Strike
0-2: Strikes out swinging
Top of the 8th over - 0 runs, 2 hits, 0 errors, 2 left on base; Colorado 7 - Chicago (N) 14
BOTTOM OF THE 8TH
Chicago (N) Cubs batting - Pitching for Colorado Rockies : RHP Aurelio Rodríguez
Batting: LHB Len Donovan 0-0: Called Strike
0-1: Ball
1-1: Foul Ball, location: 23F
1-2: Ground out 1-3 (Groundball, 13S, EV 74.4 MPH)
Pitching: RHP Billy Hooper
Batting: RHB Juan Cuevas 0-0: Foul Ball, location: 5F
0-1: Fly out, F9 (Flyball, 89M, EV 97.5 MPH)
Batting: SHB José Contreras 0-0: Ball
1-0: Ball
2-0: Ball
3-0: Called Strike
3-1: Base on Balls
Batting: LHB Juan De Los Santos 0-0: Ball
1-0: 2-RUN HOME RUN (Flyball, 9D, EV 98.1 MPH), Distance : 380 ft
Batting: RHB Tony Aguirre 0-0: Ball
1-0: Called Strike
1-1: Called Strike
1-2: Fly out, F8 (Flyball, 8LD, EV 81.3 MPH)
Bottom of the 8th over - 2 runs, 1 hit, 0 errors, 0 left on base; Colorado 7 - Chicago (N) 16
TOP OF THE 9TH
Colorado Rockies batting - Pitching for Chicago (N) Cubs : RHP Tony Calderón
Batting: LHB Dan Pérez 0-0: Called Strike
0-1: Foul Ball, location: 5SF
0-2: Strikes out swinging
Batting: RHB Ken Keith 0-0: Foul Ball, location: 2F
0-1: Ball
1-1: Called Strike
1-2: Ball
2-2: Ball
3-2: Strikes out swinging
Batting: RHB Cisco Sandodal 0-0: Ball
1-0: Called Strike
1-1: Called Strike
1-2: Ball
2-2: Fly out, F1 (Line Drive, P, EV 68.1 MPH)
Top of the 9th over - 0 runs, 0 hits, 0 errors, 0 left on base; Colorado 7 - Chicago (N) 16
Monday, April 29th , 2024 - OOTP Baseball 24.10 Build 82